 Dungeon Crawl Stone Soup version 0.19.5 (webtiles) character file.

1256 Phaedo the Poker (level 8, -7/63 HPs)
             Began as a Merfolk Skald on Mar 25, 2017.
             Was a Believer of Nemelex Xobeh.
             Mangled by an orc warrior
             ... wielding a +0 long sword
              (14 damage)
             ... on level 6 of the Dungeon.
             The game lasted 00:22:18 (6275 turns).

Phaedo the Poker (Merfolk Skald)                    Turns: 6275, Time: 00:22:19

Health: -7/63      AC:  5    Str: 16    XL:     8   Next: 51%
Magic:  8/11       EV: 15    Int: 13    God:    Nemelex Xobeh [**....]
Gold:   187        SH:  0    Dex: 14    Spells: 3 memorised, 5 levels left

rFire  . . .     SeeInvis .     a - +1 trident
rCold  + . .     Gourm    .     n - +0 leather armour
rNeg   . . .     Faith    .     (no shield)
rPois  .         Spirit   .     p - +1 hat
rElec  .         Reflect  .     (no cloak)
rCorr  .         Harm     .     (no gloves)
MR     .....                    L - +0 pair of boots
Stlth  +.........               (no amulet)
                                F - +4 ring of strength
                                i - ring of protection from cold

@: about to teleport, singing
A: change form in water, swift swim, stealthy swim
a: Renounce Religion, Stop Singing


You were on level 6 of the Dungeon.
You worshipped Nemelex Xobeh.
Nemelex Xobeh was pleased with you.
You were not hungry.

You visited 1 branch of the dungeon, and saw 6 of its levels.

You collected 284 gold pieces.
You spent 97 gold pieces at shops.

Inventory:

Hand Weapons
 a - a +1 trident (weapon)
 b - a +0 hunting sling
 h - a +2 dagger of electrocution
 x - a +0 spear
Missiles
 k - 333 stones (quivered)
 y - 19 poisoned needles
 z - 5 curare-tipped needles
 H - 50 sling bullets
Armour
 n - a +0 leather armour (worn)
 p - a +1 hat (worn)
 L - a +0 pair of boots (worn)
Jewellery
 i - a ring of protection from cold (left hand)
 F - a +4 ring of strength (right hand)
Wands
 e - a wand of acid (13/15)
 G - a wand of iceblast (5/15)
 J - a wand of lightning (6/15)
Scrolls
 f - a scroll of recharging
 g - 2 scrolls of teleportation
 j - 2 scrolls of identify
 l - 2 scrolls of remove curse
 m - 2 scrolls of enchant weapon
 o - 4 scrolls of enchant armour
Potions
 r - 5 potions of curing
 v - a potion of lignification
 w - a potion of might {unknown}
 B - a potion of berserk rage {unknown}
 D - 2 potions of cancellation
 I - a potion of magic
 K - a potion of resistance
Books
 c - a book of Battle

   Spells                             Type                      Level
   a - Infusion                       Charms                       1
   b - Shroud of Golubria             Charms/Translocation         2
   c - Song of Slaying                Charms                       2
   d - Spectral Weapon                Hexes/Charms                 3
   e - Regeneration                   Charms/Necromancy            3
Miscellaneous
 s - a plain deck of destruction
 A - a plain deck of destruction
 C - a plain deck of destruction
 N - a plain deck of summoning
Comestibles
 d - 6 bread rations
 q - 2 slices of pizza
 t - a meat ration
 u - a beef jerky
 E - 2 royal jellies


   Skills:
 + Level 5.5 Fighting
 + Level 7.7 Polearms
 - Level 0.6 Armour
 + Level 6.8 Dodging
 - Level 2.0 Spellcasting
 + Level 6.4 Charms


You had 5 spell levels left.
You knew the following spells:

 Your Spells              Type           Power        Failure   Level  Hunger
a - Infusion              Chrm           ###.         2%          1    ##.....
b - Song of Slaying       Chrm           ###.....     4%          2    ###....
c - Spectral Weapon       Hex/Chrm       #.......     28%         3    ####...


Dungeon Overview and Level Annotations

Branches:
Dungeon (6/15)
 Temple: D:4-7

Altars:
Dithmenos
Elyvilon
Nemelex Xobeh
Qazlal
Ru
Xom
Zin
The Shining One

Shops:
D:4 =?

Annotations:
D:3 1 runed door


Message History

Your spectral weapon hits the orc warrior!
The orc warrior hits your spectral weapon with a long sword!!
Your spectral weapon shares its damage with you!
Your spectral weapon fades away.
The orc throws a tomahawk.
The tomahawk barely misses you.
The orc warrior shouts!
You hit the orc warrior but do no damage.
The orc warrior is severely wounded.
The orc warrior barely misses you.
The orc throws a tomahawk.
The tomahawk misses you.
You closely miss the orc warrior.
The orc warrior is severely wounded.
The orc throws a tomahawk.
The tomahawk hits you.
The orc warrior hits you with a long sword!!
* * * LOW HITPOINT WARNING * * *
As you read the scroll of teleportation, it crumbles to dust.
You feel strangely unstable.
The orc warrior hits you with a long sword!
You die...
Your body disappears without a glow.

#.#.#...........
..#.#.............
..#.#..............
..#.##............
..#..............#####
................(....#
..#.........###......#
..#......######......###
...............o@.......
...............(.....###
..............o#####..#
.................o....#
.................o.....
.....#######........#.
.#### ###.....o.o
...#####. ...#


You could see an orc warrior and an orc.

Vanquished Creatures
  The ghost of Amon001 the Sneak, an amateur SpEn (D:4)
  An ice beast (D:5)
  A necrophage (D:5)
  A centaur (D:6)
  A bullfrog (D:6)
  A scorpion (D:5)
  A crimson imp (D:6)
  A howler monkey (D:5)
  A bullfrog skeleton (D:4)
  A hound (D:4)
  An orc priest (D:6)
  4 orc wizards (D:4)
  Terence (D:3)
  5 worker ants
  3 hound skeletons
  A worker ant zombie (D:5)
  14 gnolls
  2 adders
  A shadow imp (D:5)
  An adder skeleton (D:5)
  An adder zombie (D:5)
  A worm (D:4)
  3 dart slugs
  5 leopard geckos
  23 orcs
  2 giant cockroaches (D:1)
  8 goblins
  10 hobgoblins
  13 jackals
  8 kobolds
  4 quokkas
  14 bats
  6 frilled lizards
  A quokka skeleton (D:4)
  9 rats
151 creatures vanquished.

Vanquished Creatures (others)
  A spectral weapon (D:6)
1 creature vanquished.

Grand Total: 152 creatures vanquished

Notes
Turn   | Place    | Note
-------+----------+-------------------------------------------
     0 | D:1      | Phaedo the Merfolk Skald began the quest for the Orb.
     0 | D:1      | Reached XP level 1. HP: 16/16 MP: 3/3
   421 | D:2      | Reached XP level 2. HP: 23/23 MP: 5/5
   425 | D:2      | Learned a level 2 spell: Song of Slaying
   603 | D:2      | Reached XP level 3. HP: 22/28 MP: 6/6
   608 | D:2      | Learned a level 3 spell: Spectral Weapon
   759 | D:2      | Found a sacrificial altar of Ru.
   762 | D:2      | Found a shadowy altar of Dithmenos.
   880 | D:1      | Reached skill level 4 in Polearms
  1375 | D:1      | Reached XP level 4. HP: 33/34 MP: 7/7
  2172 | D:3      | Noticed Terence
  2175 | D:3      | Killed Terence
  2229 | D:3      | Noticed an angel
  2232 | D:3      | Found a shimmering altar of Xom.
  2233 | D:3      | Found a glowing silver altar of Zin.
  2291 | D:3      | Found a runed door.
  2291 | D:3      | Found a glowing golden altar of the Shining One.
  2291 | D:3      | Noticed an angel
  2373 | D:3      | Reached XP level 5. HP: 38/41 MP: 5/8
  2558 | D:3      | Found a sparkling altar of Nemelex Xobeh.
  2566 | D:3      | Became a worshipper of Nemelex Xobeh the Trickster
  2737 | D:3      | Received a gift from Nemelex Xobeh
  3219 | D:4      | Reached skill level 5 in Polearms
  3457 | D:4      | Reached XP level 6. HP: 43/48 MP: 6/9
  3485 | D:4      | Found a stormy altar of Qazlal.
  3492 | D:4      | Noticed Amon001's ghost (amateur SpEn)
  3515 | D:4      | Reached * piety under Nemelex Xobeh
  3515 | D:4      | Received a gift from Nemelex Xobeh
  3542 | D:4      | Killed Amon001's ghost
  3790 | D:4      | Found Zibiheto's Jewellery Shoppe.
  3842 | D:4      | Reached skill level 5 in Charms
  3850 | D:4      | Reached XP level 7. HP: 34/55 MP: 8/10
  4036 | D:4      | Found Wiokaiqa's Magic Scroll Shop.
  4039 | D:4      | Bought a scroll of enchant armour for 97 gold pieces
  4073 | D:4      | Reached skill level 5 in Dodging
  4083 | D:4      | Reached skill level 6 in Polearms
  4280 | D:4      | Reached ** piety under Nemelex Xobeh
  4539 | D:4      | Found a white marble altar of Elyvilon.
  4701 | D:5      | Entered Level 5 of the Dungeon
  5071 | D:5      | Received a gift from Nemelex Xobeh
  5164 | D:5      | Reached skill level 5 in Fighting
  5285 | D:5      | Reached XP level 8. HP: 59/62 MP: 6/11
  5623 | D:5      | Reached skill level 7 in Polearms
  6239 | D:6      | Received a gift from Nemelex Xobeh
  6275 | D:6      | Mangled by an orc warrior

Skill      XL: |  1  2  3  4  5  6  7  8 |
---------------+-------------------------+-----
Dodging        | 2 3 4 6 |  6.8
Polearms       | 4 5 6 7 |  7.7
Charms         | 4 5 6 |  6.4
Fighting       | 3 4 5 |  5.5
Armour         | |  0.6
Spellcasting   | |  2.0

Action                   |  1- 3 |  4- 6 |  7- 9 || total
-------------------------+-------+-------+-------++-------
Melee: Spear             |   130 |    56 |       ||   186
       Trident           |       |   203 |   211 ||   414
 Fire: Hunting sling     |       |    10 |       ||    10
 Cast: Infusion          |     4 |     1 |     3 ||     8
       Song of Slaying   |       |     4 |     5 ||     9
       Spectral Weapon   |       |     1 |     1 ||     2
Evoke: Wand              |       |     3 |     1 ||     4
  Use: Scroll            |       |     9 |     9 ||    18
       Potion            |       |     1 |       ||     1
 Stab: Sleeping          |       |       |     1 ||     1
  Eat: Chunk             |     2 |     8 |     9 ||    19
Armor: Leather armour    |    27 |    61 |    20 ||   108
Dodge: Dodged            |    70 |   191 |   106 ||   367
